 Dungeon Crawl Stone Soup version 0.29.1-13-g9f3cf754e1 (webtiles) character file.

Game seed: 17904900186166157041

57 Thatpatchoflichen the Insei (level 3, 0/29 HPs)
             Began as a Vampire Monk on Jan 20, 2023.
             Slain by a gnoll
             ... wielding a +0 spear
              (6 damage)
             ... on level 2 of the Dungeon.
             The game lasted 00:05:16 (1267 turns).

Thatpatchoflichen the Insei (Vampire Monk)          Turns: 1267, Time: 00:05:21

Health: 0/29       AC:  4    Str: 12    XL:     3   Next: 73%
Magic:  3/3        EV: 13    Int: 12    God:
Gold:   66         SH:  0    Dex: 16    Spells: 2/2 levels left

rFire   . . .      SeeInvis +     - Unarmed
rCold   . . .      Faith    .   (no shield)
rNeg    . . .      Spirit   .   m - +2 robe {Will+}
rPois   .          Reflect  .   (no helmet)
rElec   .          Harm     .   (no cloak)
rCorr   .          Rampage  .   (no gloves)
Will    +....                   (no boots)
Stlth   ++........              (no amulet)
HPRegen 0.29/turn               (no ring)
MPRegen 0.08/turn               (no ring)

@: healing quickly
A: alive, fangs 3, see invisible, vampiric 2
a: Exsanguinate


You were on level 2 of the Dungeon.
You visited 1 branch of the dungeon, and saw 3 of its levels.

You collected 66 gold pieces.

Inventory:

Missiles
 f - 3 boomerangs (quivered)
Armour
 a - a +0 robe
 g - a +0 leather armour
 h - a +0 scale mail
 m - a +2 robe of willpower (worn)
 q - a +0 plate armour
Scrolls
 c - 2 scrolls of identify {unknown}
 e - a scroll of magic mapping {unknown}
 j - a scroll of amnesia {unknown}
 k - 3 scrolls of vulnerability {unknown}
 n - a scroll of enchant weapon {unknown}
 p - a scroll of fog {unknown}
Potions
 b - a potion of ambrosia
 d - 2 potions of heal wounds {unknown}
 i - a potion of magic {unknown}
 l - a potion of flight {unknown}
 o - a potion of degeneration {unknown}


   Skills:
 + Level 3.2 Fighting
 + Level 4.0 Dodging
 - Level 3.0 Stealth
 + Level 4.0 Unarmed Combat


You had 2 spell levels left.
You didn't know any spells.
Your spell library was empty.

Dungeon Overview and Level Annotations

Branches:
Dungeon (3/15)

Altars:


Innate Abilities, Weirdness & Mutations

Your natural rate of healing is accelerated.
You have razor-sharp teeth.
You have supernaturally acute eyesight. (SInv)
You are afflicted with vampirism and can become a bat while bloodless.


Message History

The gnoll shouts! x2
A worm comes into view.
There is an open door here.
You hit the worm.
The worm is moderately wounded.
The worm bites you!
You hit the worm but do no damage. You punch the worm.
The worm is severely wounded.
You barely miss the worm.
The worm is heavily wounded.
You hit the worm.
The worm is severely wounded.
The worm bites you.
You hit the worm. You bite the worm, but do no damage.
The worm is almost dead.
You hit the worm.
You kill the worm!
Your Unarmed Combat skill increases to level 4!
You hit the gnoll but do no damage. You bite the gnoll.
The gnoll is moderately wounded.
The gnoll hits you with a +0 flail!
You hit the gnoll.
The gnoll is severely wounded.
The gnoll closely misses you. The gnoll attacks as you move away!
The gnoll hits you with a +0 flail. The gnoll attacks as you move away!
The gnoll hits you with a +0 flail!
* * * LOW HITPOINT WARNING * * *
You barely miss the gnoll.
The gnoll is severely wounded.
The gnoll barely misses you.
You punch the gnoll!
You kill the gnoll!
Your Dodging skill increases to level 4!
The gnoll misses you.
The gnoll hits you from afar with a +0 spear.
Keep bloodletting? [Y]es or [N]o only, please.
Keep bloodletting?
You stop emptying yourself of blood.
You die...

#.#..........##...
#.#..........##)..
#.#..#+#########..
#.#..#.#########..
#.#..#.........'..
#g#..#..########..
#g#..#..##########
#g#.............
#@#.############
#.#......(.#
#.########.# #.#
#.# #.# #.# #.#
#.# #.##### #.#
#.....# #.#
#####.# #.#


You could see 3 gnolls.

Vanquished Creatures
  A gnoll (D:2)
  An adder (D:2)
  A worm (D:2)
  4 endoplasms
  4 giant cockroaches (D:1)
  A goblin (D:1)
  2 hobgoblins (D:1)
  6 kobolds
  2 quokkas
  3 ball pythons (D:1)
  3 bats
  A frilled lizard (D:1)
  5 rats
34 creatures vanquished.

Notes
Turn   | Place    | Note
-------+----------+-------------------------------------------
     0 | D:1      | Thatpatchoflichen the Vampire Monk began the quest for the
                  | Orb.
     0 | D:1      | Reached XP level 1. HP: 17/17 MP: 1/1
   206 | D:1      | Reached XP level 2. HP: 23/23 MP: 2/2
   347 | D:1      | Found a faded altar of an unknown god.
   930 | D:2      | Gained mutation: You are afflicted with vampirism and can
                  | become a bat while bloodless. [Vampire growth]
   930 | D:2      | Reached XP level 3. HP: 23/29 MP: 3/3
  1267 | D:2      | Slain by a gnoll

Illustrated notes

Levels and vault maps discovered:
D:1:      minmay_arrival_pointy, layout_loops_ring,
          hellmonk_ecumenical_altar_arch_garden
D:2:      layout_basic, moated_statue
D:3:      layout_basic, gammafunk_ghost_stat_death

Skill      XL: |  1  2  3 |
---------------+----------+-----
Fighting       | 3 |  3.2
Unarmed Combat | 4 |  4.0
Dodging        | 4 |  4.0
Stealth        | |  3.0

Action                   || total
-------------------------++-------
Melee: Unarmed           ||   122
       Bite              ||    12
       Punch             ||     6
 Abil: Exsanguinate      ||     1
 Stab: Sleeping          ||     6
Armor: Robe              ||    15
       Scale mail        ||    19
       Leather armour    ||     1
Dodge: Dodged            ||    65
